ITL
ALLENTOWN HILLBILLIES @ AMARILLO ARCHDUKES
04/26/2026
 
TOP OF THE 1ST
Allentown Hillbillies batting - Pitching for Amarillo Archdukes : LHP Tim Miller
Pitching: LHP Tim Miller
Batting: RHB Chad Huggins 0-0: Called Strike
0-1: Called Strike
0-2: Ball
1-2: Ball
2-2: Fly out, F9 (Line Drive, 9M)
Batting: RHB Jimmy Simon 0-0: Ball
1-0: Called Strike
1-1: Ball
2-1: Foul Ball, location: 2F
2-2: Ball
3-2: SOLO HOME RUN (Flyball, 89XD), Distance : 377 ft
Batting: RHB Bartolo López 0-0: SINGLE (Groundball, 56D)
Batting: RHB Millard Stark 0-0: Grounds into double play, 5-4-3 (Groundball, 5)
Top of the 1st over - 1 run(s), 2 hit(s), 0 error(s), 0 left on base; Allentown 1 - Amarillo 0
BOTTOM OF THE 1ST
Amarillo Archdukes batting - Pitching for Allentown Hillbillies : RHP Carlos García
Pitching: RHP Carlos García
Batting: RHB Tony Quinn 0-0: Ball
1-0: Swinging Strike
1-1: Ball
2-1: Foul Ball, location: 2F
2-2: Ball
3-2: Fly out, F7 (Flyball, 7M)
Batting: LHB Howard Lambert 0-0: Swinging Strike
0-1: Foul Ball, location: 2F
0-2: Ball
1-2: Foul Ball, location: 2F
1-2: Ball
2-2: Ball
3-2: SINGLE (Line Drive, 8RS)
Batting: LHB Michael Cook 0-0: SINGLE (Flyball, 9S)
Howard Lambert to second
Runner from 2nd tries for 3rd, SAFE, no throw or cutoff
Batting: RHB Tim Chambers 0-0: Called Strike
0-1: Ball
1-1: Ball
2-1: Ball
3-1: Fly out, F7 (Flyball, 78S)
Batting: LHB Chris Pryor 0-0: Ball
1-0: Called Strike
1-1: Ball
2-1: Foul Ball, location: 2F
2-2: Strikes out looking
Bottom of the 1st over - 0 run(s), 2 hit(s), 0 error(s), 2 left on base; Allentown 1 - Amarillo 0
TOP OF THE 2ND
Allentown Hillbillies batting - Pitching for Amarillo Archdukes : LHP Tim Miller
Batting: RHB Diego Rivera 0-0: Foul Ball, location: 2F
0-1: SINGLE (Line Drive, 9LS)
Batting: SHB Toshinobu Tanaka 0-0: Ball
1-0: Swinging Strike
1-1: Foul Ball, location: 2F
1-2: Strikes out looking
Batting: LHB Rafael Flores 0-0: Ball
Diego Rivera steals 2nd base
1-0: Foul Ball, location: 2F
1-1: Ball
2-1: Ball
3-1: Foul Ball, location: 2F
3-2: SINGLE (Flyball, 78S)
Diego Rivera to third
Batting: SHB Juan Acevado 0-0: Called Strike
0-1: Ball
1-1: Foul Ball, location: 2F
1-2: Ball
2-2: Foul Ball, location: 2F
2-2: SINGLE (Line Drive, 56D)
Diego Rivera scores
Rafael Flores to second
Batting: RHB Rubén Vázquez 0-0: Ball
1-0: Swinging Strike
1-1: DOUBLE (Flyball, 7D)
Rafael Flores scores
Juan Acevado to third
Batting: RHB Chad Huggins 0-0: Swinging Strike
0-1: Ball
1-1: Fly out, F9 (Flyball, 89S)
Batting: RHB Jimmy Simon 0-0: Called Strike
0-1: Ball
1-1: Swinging Strike
1-2: Ball
2-2: SINGLE (Groundball, 6D)
Juan Acevado scores
Rubén Vázquez to third
Runner from 3rd tries for Home, SAFE, no throw or cutoff
Batting: RHB Bartolo López 0-0: Ball
1-0: Foul Ball, location: 2F
1-1: SINGLE (Groundball, 5D)
Jimmy Simon to second
Batting: RHB Millard Stark 0-0: Ball
1-0: Foul Ball, location: 2F
1-1: Ball
2-1: Ball
3-1: Called Strike
3-2: Strikes out swinging
Top of the 2nd over - 4 run(s), 6 hit(s), 0 error(s), 2 left on base; Allentown 5 - Amarillo 0
BOTTOM OF THE 2ND
Amarillo Archdukes batting - Pitching for Allentown Hillbillies : RHP Carlos García
Batting: RHB Mark Roy 0-0: Foul Ball, location: 2F
0-1: Ball
1-1: Ball
2-1: Called Strike
2-2: Foul Ball, location: 2F
2-2: Ball
3-2: SINGLE (Line Drive, 78S)
Batting: LHB Héctor Martínez 0-0: Called Strike
0-1: Foul Ball, location: 2F
0-2: Ball
1-2: Foul Ball, location: 2F
1-2: 2-RUN HOME RUN (Flyball, 78XD), Distance : 385 ft
Batting: RHB Ronald Parsons 0-0: Called Strike
0-1: Called Strike
0-2: Strikes out swinging
Batting: RHB Matt Richards 0-0: Called Strike
0-1: Ball
1-1: Foul Ball, location: 2F
1-2: Foul Ball, location: 2F
1-2: Foul Ball, location: 2F
1-2: Ball
2-2: Foul Ball, location: 2F
2-2: Fly out, F8 (Line Drive, 8RD)
Batting: RHB Tony Quinn 0-0: Ball
1-0: Ball
2-0: Swinging Strike
2-1: Ball
3-1: Base on Balls
Batting: LHB Howard Lambert 0-0: Called Strike
0-1: Ground out 4-3 (Groundball, 4)
Bottom of the 2nd over - 2 run(s), 2 hit(s), 0 error(s), 1 left on base; Allentown 5 - Amarillo 2
TOP OF THE 3RD
Allentown Hillbillies batting - Pitching for Amarillo Archdukes : LHP Tim Miller
Batting: RHB Diego Rivera 0-0: SINGLE (Groundball, 6MD)
Batting: SHB Toshinobu Tanaka 0-0: Ball
1-0: Called Strike
1-1: Foul Ball, location: 2F
1-2: Foul Ball, location: 2F
1-2: Ball
2-2: Foul Ball, location: 2F
2-2: Fly out, F9 (Flyball, 9M)
Batting: LHB Rafael Flores 0-0: Ball
1-0: Called Strike
1-1: Grounds into double play, 6-4-3 (Groundball, 6M)
Top of the 3rd over - 0 run(s), 1 hit(s), 0 error(s), 0 left on base; Allentown 5 - Amarillo 2
BOTTOM OF THE 3RD
Amarillo Archdukes batting - Pitching for Allentown Hillbillies : RHP Carlos García
Batting: LHB Michael Cook 0-0: Ground out 4-3 (Groundball, 4)
Batting: RHB Tim Chambers 0-0: Swinging Strike
0-1: Called Strike
0-2: Ball
1-2: Ball
2-2: Fly out, F6 (Line Drive, 6M)
Batting: LHB Chris Pryor 0-0: Ball
1-0: Foul Ball, location: 2F
1-1: Called Strike
1-2: Foul Ball, location: 2F
1-2: Ball
2-2: Fly out, F6 (Popup, 78S)
Bottom of the 3rd over - 0 run(s), 0 hit(s), 0 error(s), 0 left on base; Allentown 5 - Amarillo 2
TOP OF THE 4TH
Allentown Hillbillies batting - Pitching for Amarillo Archdukes : LHP Tim Miller
Batting: SHB Juan Acevado 0-0: Ball
1-0: Called Strike
1-1: Ball
2-1: DOUBLE (Flyball, 8RD)
Batting: RHB Rubén Vázquez 0-0: Ball
1-0: Ball
2-0: Foul Ball, location: 2F
2-1: Ball
3-1: SINGLE (Line Drive, 6MD)
Juan Acevado to third
Throwing error, E8
Juan Acevado scores
Rubén Vázquez to second
Batting: RHB Chad Huggins 0-0: Ball
Wild Pitch!
Rubén Vázquez to third
1-0: Ball
2-0: Called Strike
2-1: Called Strike
2-2: Foul Ball, location: 2F
2-2: Strikes out swinging
Batting: RHB Jimmy Simon 0-0: Called Strike
0-1: Ball
1-1: Ball
2-1: Foul Ball, location: 2F
2-2: Ball
3-2: Fly out, F8 (Flyball, 8LM)
Runner from 3rd tags up, SCORES, no throw
Batting: RHB Bartolo López 0-0: Ball
1-0: Foul Ball, location: 2F
1-1: SINGLE (Flyball, 8RS)
Batting: RHB Millard Stark 0-0: Ball
1-0: Called Strike
1-1: Called Strike
1-2: 2-RUN HOME RUN (Flyball, 78XD), Distance : 369 ft
Pitching: LHP Glenn Dunn
Batting: RHB Diego Rivera 0-0: Called Strike
0-1: SOLO HOME RUN (Flyball, 7D), Distance : 339 ft
Batting: SHB Toshinobu Tanaka 0-0: Ball
1-0: Ball
2-0: Called Strike
2-1: Swinging Strike
2-2: Strikes out swinging
Top of the 4th over - 5 run(s), 5 hit(s), 1 error(s), 0 left on base; Allentown 10 - Amarillo 2
BOTTOM OF THE 4TH
Amarillo Archdukes batting - Pitching for Allentown Hillbillies : RHP Carlos García
Batting: RHB Mark Roy 0-0: Ball
1-0: Foul Ball, location: 2F
1-1: Swinging Strike
1-2: Strikes out looking
Batting: LHB Héctor Martínez 0-0: Ball
1-0: Swinging Strike
1-1: Called Strike
1-2: Strikes out swinging
Batting: RHB Ronald Parsons 0-0: Ball
1-0: Ball
2-0: Ball
3-0: Called Strike
3-1: Base on Balls
Pitching: RHP Jorge Ruíz
Batting: RHB Matt Richards 0-0: Called Strike
Ronald Parsons is caught stealing 2nd base
Bottom of the 4th over - 0 run(s), 0 hit(s), 0 error(s), 0 left on base; Allentown 10 - Amarillo 2
TOP OF THE 5TH
Allentown Hillbillies batting - Pitching for Amarillo Archdukes : LHP Glenn Dunn
Batting: LHB Rafael Flores 0-0: Ball
1-0: Foul Ball, location: 2F
1-1: Ball
2-1: Ball
3-1: Foul Ball, location: 2F
3-2: Base on Balls
Batting: SHB Juan Acevado 0-0: Ball
1-0: Grounds into double play, 5-4-3 (Groundball, 5)
Batting: RHB Rubén Vázquez 0-0: Ball
1-0: Called Strike
1-1: SINGLE (Groundball, 6MD)
Batting: RHB Chad Huggins 0-0: Ball
1-0: Ball
2-0: Called Strike
2-1: Swinging Strike
2-2: Fly out, F4 (Line Drive, 4)
Top of the 5th over - 0 run(s), 1 hit(s), 0 error(s), 1 left on base; Allentown 10 - Amarillo 2
BOTTOM OF THE 5TH
Amarillo Archdukes batting - Pitching for Allentown Hillbillies : RHP Jorge Ruíz
Batting: RHB Matt Richards 0-0: Called Strike
0-1: Swinging Strike
0-2: Ball
1-2: Strikes out swinging
Batting: RHB Tony Quinn 0-0: Foul Ball, location: 2F
0-1: Ball
1-1: Ball
2-1: Swinging Strike
2-2: Ball
3-2: Base on Balls
Batting: LHB Howard Lambert 0-0: Ball
1-0: Ball
Tony Quinn steals 2nd base
2-0: Foul Ball, location: 2F
2-1: Fly out, F9 (Flyball, 9M)
Batting: LHB Michael Cook 0-0: Ball
1-0: Swinging Strike
1-1: Ball
2-1: Foul Ball, location: 2F
2-2: Strikes out looking
Bottom of the 5th over - 0 run(s), 0 hit(s), 0 error(s), 1 left on base; Allentown 10 - Amarillo 2
TOP OF THE 6TH
Allentown Hillbillies batting - Pitching for Amarillo Archdukes : LHP Glenn Dunn
Batting: RHB Jimmy Simon 0-0: Called Strike
0-1: Ground out 6-3 (Groundball, 6)
Batting: RHB Bartolo López 0-0: SOLO HOME RUN (Line Drive, 78XD), Distance : 394 ft
Batting: RHB Millard Stark 0-0: Ball
1-0: Called Strike
1-1: Fly out, F9 (Line Drive, 9M)
Batting: RHB Diego Rivera 0-0: Fly out, F6 (Popup, 6)
Top of the 6th over - 1 run(s), 1 hit(s), 0 error(s), 0 left on base; Allentown 11 - Amarillo 2
BOTTOM OF THE 6TH
Amarillo Archdukes batting - Pitching for Allentown Hillbillies : RHP Jorge Ruíz
Batting: RHB Tim Chambers 0-0: Called Strike
0-1: Ball
1-1: Called Strike
1-2: Ball
2-2: Ball
3-2: Base on Balls
Batting: LHB Chris Pryor 0-0: Ball
1-0: Ball
2-0: Ball
3-0: Base on Balls
Tim Chambers to second
Batting: RHB Mark Roy 0-0: Ball
1-0: Grounds into double play, 6-4-3 (Groundball, 6M)
Tim Chambers to third
Batting: LHB Héctor Martínez 0-0: Called Strike
0-1: Ground out 1-3 (Groundball, 13)
Bottom of the 6th over - 0 run(s), 0 hit(s), 0 error(s), 1 left on base; Allentown 11 - Amarillo 2
TOP OF THE 7TH
Allentown Hillbillies batting - Pitching for Amarillo Archdukes : LHP Glenn Dunn
Pitching: RHP Artie Byrne
Batting: SHB Toshinobu Tanaka 0-0: Swinging Strike
0-1: Foul Ball, location: 2F
0-2: Ball
1-2: Ball
2-2: Foul Ball, location: 2F
2-2: Ball
3-2: Foul Ball, location: 2F
3-2: Base on Balls
Batting: LHB Rafael Flores 0-0: Sac Bunt - play at first, batter OUT! 1-4
Toshinobu Tanaka to second
Batting: SHB Juan Acevado 0-0: Called Strike
0-1: Ball
1-1: Swinging Strike
1-2: Ball
2-2: Ball
3-2: Strikes out swinging
Batting: RHB Rubén Vázquez 0-0: Ball
1-0: Called Strike
1-1: SINGLE (Line Drive, 89S)
Toshinobu Tanaka to third
Runner from 3rd tries for Home, SAFE, no throw or cutoff
Batting: RHB Chad Huggins 0-0: Ball
1-0: Ground out 6-3 (Groundball, 6)
Top of the 7th over - 1 run(s), 1 hit(s), 0 error(s), 1 left on base; Allentown 12 - Amarillo 2
BOTTOM OF THE 7TH
Amarillo Archdukes batting - Pitching for Allentown Hillbillies : RHP Jorge Ruíz
Pitching: RHP Rich Townsley
Batting: RHB Ronald Parsons 0-0: Fly out, F3 (Popup, 4MS)
Batting: RHB Matt Richards 0-0: Ball
1-0: Ball
2-0: SINGLE (Line Drive, 6MD)
Batting: RHB Tony Quinn 0-0: Ball
1-0: Ball
2-0: Ball
3-0: Called Strike
3-1: SINGLE (Line Drive, 78S)
Matt Richards to second
Batting: LHB Howard Lambert 0-0: Ball
1-0: Ball
2-0: Called Strike
2-1: Grounds into double play, 6-4-3 (Groundball, 6)
Bottom of the 7th over - 0 run(s), 2 hit(s), 0 error(s), 1 left on base; Allentown 12 - Amarillo 2
TOP OF THE 8TH
Allentown Hillbillies batting - Pitching for Amarillo Archdukes : RHP Artie Byrne
Batting: RHB Jimmy Simon 0-0: Ball
1-0: Ball
2-0: Ball
3-0: Called Strike
3-1: Swinging Strike
3-2: Strikes out looking
Batting: RHB Bartolo López 0-0: Ball
1-0: Ball
2-0: Ball
3-0: Base on Balls
Batting: RHB Millard Stark 0-0: Ball
Bartolo López steals 2nd base
1-0: Ball
2-0: Called Strike
2-1: Called Strike
2-2: Strikes out swinging
Batting: RHB Diego Rivera 0-0: Ball
1-0: Called Strike
1-1: Swinging Strike
1-2: Strikes out swinging
Top of the 8th over - 0 run(s), 0 hit(s), 0 error(s), 1 left on base; Allentown 12 - Amarillo 2
BOTTOM OF THE 8TH
Amarillo Archdukes batting - Pitching for Allentown Hillbillies : RHP Rich Townsley
Batting: LHB Michael Cook 0-0: Foul Ball, location: 2F
0-1: Called Strike
0-2: Ball
1-2: Ball
2-2: Ball
3-2: Base on Balls
Batting: RHB Tim Chambers 0-0: Ball
1-0: Ball
2-0: Grounds into double play, 1-6-3 (Groundball, 13S)
Batting: LHB Chris Pryor 0-0: Foul Ball, location: 2F
0-1: Ball
1-1: Foul Ball, location: 2F
1-2: Foul Ball, location: 2F
1-2: Ball
2-2: SINGLE (Groundball, 4M)
Batting: RHB Mark Roy 0-0: Called Strike
0-1: Called Strike
0-2: Ball
1-2: Strikes out swinging
Bottom of the 8th over - 0 run(s), 1 hit(s), 0 error(s), 1 left on base; Allentown 12 - Amarillo 2
TOP OF THE 9TH
Allentown Hillbillies batting - Pitching for Amarillo Archdukes : RHP Artie Byrne
Batting: SHB Toshinobu Tanaka 0-0: Ground out 6-3 (Groundball, 6)
Batting: LHB Rafael Flores 0-0: Foul Ball, location: 2F
0-1: Ball
1-1: Foul Ball, location: 2F
1-2: Ball
2-2: Foul Ball, location: 2F
2-2: SINGLE (Line Drive, 34)
Batting: SHB Juan Acevado 0-0: Called Strike
Rafael Flores steals 2nd base
0-1: Foul Ball, location: 2F
0-2: Ball
1-2: Strikes out swinging
Batting: RHB Rubén Vázquez 0-0: Ball
1-0: Ball
2-0: Ball
3-0: Called Strike
3-1: Base on Balls
Batting: RHB Chad Huggins 0-0: Swinging Strike
0-1: Called Strike
0-2: Foul Ball, location: 2F
0-2: Ball
1-2: Foul Ball, location: 2F
1-2: Ball
2-2: Strikes out swinging
Top of the 9th over - 0 run(s), 1 hit(s), 0 error(s), 2 left on base; Allentown 12 - Amarillo 2
BOTTOM OF THE 9TH
Amarillo Archdukes batting - Pitching for Allentown Hillbillies : RHP Rich Townsley
Batting: LHB Héctor Martínez 0-0: Called Strike
0-1: SINGLE (Line Drive, 8LS)
Batting: RHB Ronald Parsons 0-0: Ball
1-0: SINGLE (Groundball, 6MD)
Héctor Martínez to second
Runner from 2nd tries for 3rd, SAFE, throw made to third
Batting: RHB Matt Richards 0-0: Ball
1-0: Swinging Strike
1-1: Ball
2-1: Ball
3-1: Base on Balls
Ronald Parsons to second
Batting: RHB Tony Quinn 0-0: Ball
1-0: Foul Ball, location: 2F
1-1: Swinging Strike
1-2: Foul Ball, location: 2F
1-2: Strikes out looking
Pinch Hitting: RHB Jorge Espinosa 0-0: Ball
1-0: Ball
2-0: Ball
3-0: Called Strike
3-1: Base on Balls
Héctor Martínez scores
Ronald Parsons to third
Matt Richards to second
Pitching: LHP Alejandro Castillo
Batting: LHB Michael Cook 0-0: Ball
1-0: Ball
2-0: Fly out, F8 (Flyball, 8LD)
Runner from 3rd tags up, SCORES, no throw
Batting: RHB Tim Chambers 0-0: Ball
1-0: Swinging Strike
1-1: Ground out 5-3 (Groundball, 5L)
Bottom of the 9th over - 2 run(s), 2 hit(s), 0 error(s), 2 left on base; Allentown 12 - Amarillo 4
Monday, December 5th, 2016 - OOTP Baseball 17.12 Build 75